 Dungeon Crawl Stone Soup version 0.17-a0-1181-gabc46e6 (webtiles) character file.

153 Inkie the Digger (level 5, -3/28 HPs)
             Began as a Gargoyle Earth Elementalist on May 31, 2015.
             Was an Initiate of Vehumet.
             Engulfed by a cloud of flame (23 damage)
             ... on level 3 of the Dungeon.
             The game lasted 00:14:58 (1773 turns).

Inkie the Digger (Gargoyle Earth Elementalist)      Turns: 1773, Time: 00:14:58

Health: -3/28      AC:  6    Str: 11    XL:     5   Next: 35%
Magic:  2/8        EV: 12    Int: 17    God:    Vehumet [......]
Gold:   62         SH:  0    Dex: 14    Spells: 1 memorised, 7 levels left

rFire  . . .     SeeInvis .     q - 42 stones
rCold  . . .     Clarity  .     b - +0 robe
rNeg   + . .     SustAt   .     (no shield)
rPois  ∞         Gourm    .     (no helmet)
rElec  +         Spirit   .     (no cloak)
rCorr  .         Warding  .     (no gloves)
rMut   .         Stasis   +     (no boots)
MR     .....                    h - amulet of stasis
Stlth  ++........               (no ring)
                                m - +4 ring of dexterity

@: not resistant to hostile enchantments, unstealthy
A: negative energy resistance 1, electricity resistance, unbreathing,
petrification resistance, rot immunity, AC +4
a: Renounce Religion


You were on level 3 of the Dungeon.
You worshipped Vehumet.
Vehumet was noncommittal.
You were not hungry.

You visited 1 branch of the dungeon, and saw 4 of its levels.

You collected 62 gold pieces.

Inventory:

Hand weapons
 j - a +0 short sword
 n - a +0 quarterstaff
 p - a +1 short sword of freezing
 w - a +7 club
 B - a +0 trident of protection
Missiles
 q - 42 stones (in hand)
Armour
 b - a +0 robe (worn)
 x - a cursed -2 buckler
 y - a +0 leather armour
Jewellery
 h - an amulet of stasis (around neck)
 m - a +4 ring of dexterity (left hand)
 s - an uncursed amulet of regeneration {unknown}
Scrolls
 g - 3 scrolls of remove curse {unknown}
 k - a scroll of fog {unknown}
 t - a scroll of random uselessness {unknown}
 v - 2 scrolls of identify {unknown}
Potions
 a - a potion of curing {unknown}
 e - a potion of haste {unknown}
 l - a potion of lignification {unknown}
 o - a potion of degeneration {unknown}
 r - 2 potions of flight {unknown}
 u - a potion of invisibility {unknown}
 A - a potion of agility {unknown}
Books
 c - a book of Geomancy

   Spells                             Type                      Level
   a - Sandblast                      Earth                        1
   b - Stoneskin                      Transmutation/Earth          2
   c - Passwall                       Transmutation/Earth          3
   d - Stone Arrow                    Conjuration/Earth            3
   e - Petrify                        Transmutation/Earth          4
   f - Lee's Rapid Deconstruction     Earth                        5
Comestibles
 d - 2 bread rations
 f - a meat ration
 i - 13 chunks of flesh
 z - a beef jerky


   Skills:
 - Level 1.5 Dodging
 - Level 2.1 Stealth
 - Level 2.0 Spellcasting
   Level 0.7 Transmutations
 + Level 7.1 Earth Magic


You had 7 spell levels left.
You knew the following spells:

 Your Spells              Type           Power        Failure   Level  Hunger
a - Sandblast             Erth           ####..       1%          1    #......


Dungeon Overview and Level Annotations

Branches:
Dungeon (4/15)
 Temple: D:4-7

Altars:
Dithmenos
Ru
Vehumet

Annotations:
D:3 Terence


Innate Abilities, Weirdness & Mutations

You are resistant to torment.
Your stone body is resilient (AC +4).
You are immune to poison.
You resist negative energy.
You are resistant to electric shocks.
You can survive without breathing.
You are immune to petrification.
You are immune to rotting.


Message History

Aim: an orc, wielding a dagger and wearing a leather armour The rocky blast hits the orc.
You kill the orc!
Vehumet accepts your kill.
Really walk into a travel-excluded area?
You now have 62 gold pieces (gained 10).
Items here: ))) [ †† Butcher an orc corpse? [(y)es/(c)hop/(n)o/(a)ll/(q)uit/?]
You butcher the orc corpse. x2
i - 10 chunks of flesh (gained 3);
i - 14 chunks of flesh (gained 4)
Items here: ))) [ ÷ a dagger; a leather armour; a flail; a trident of protection; an orc skeleton
B - a trident of protection Eat one of 14 chunks of flesh? (ye/n/q/i?) This raw flesh tastes terrible.
You continue eating. x2
Really walk into a travel-excluded area?
You are engulfed in roaring flames.
Ouch! That really hurt!
You die...

..)...#####......# #...........##
#####.# ###)..## #.######.##...
#####.# #...# #.# #.......#
...##.# #...####.# #.##.##.#
##.##.# #....§##.###.##.##.#
......# ##§..§..............#
##.#########.§._.§##..#........#
##...#........§.§..)...........#
##..............@.........#......
##.#.#.......(....).........##.#.
#.###.#######...#.###.#.#.#.# .#.
.## ##.# #...........#......#
#.###.## #...#########.......
#.#.## #?..# ###..... ##..## #...
..... ....# ..... .... ....#
#.....


There were no monsters in sight!

Vanquished Creatures
  An orc priest (D:3)
  Ijyb (D:2)
  A worker ant (D:4)
  2 adders (D:3)
  An ooze (D:1)
  2 giant geckos
  6 orcs (D:3)
  4 bats
  2 giant cockroaches
  5 hobgoblins
  A giant newt (D:3)
  8 goblins
  5 kobolds
  11 rats
50 creatures vanquished.

Vanquished Creatures (others)
  A rat (D:3)
1 creature vanquished.

Grand Total: 51 creatures vanquished

Notes
Turn   | Place    | Note
--------------------------------------------------------------
     0 | D:1      | Inkie the Gargoyle Earth Elementalist began the quest for the Orb.
     0 | D:1      | Reached XP level 1. HP: 10/10 MP: 3/3
   303 | D:1      | Reached skill level 4 in Earth Magic
   331 | D:1      | Reached XP level 2. HP: 10/15 MP: 3/5
   885 | D:1      | Reached XP level 3. HP: 19/19 MP: 3/6
   922 | D:1      | Reached skill level 5 in Earth Magic
  1163 | D:2      | Noticed Ijyb
  1189 | D:2      | Killed Ijyb
  1189 | D:2      | Reached XP level 4. HP: 21/24 MP: 0/7
  1321 | D:2      | Found a shadowy altar of Dithmenos.
  1321 | D:2      | Found a sacrificial altar of Ru.
  1363 | D:2      | You fall through a shaft for 2 floors!
  1369 | D:4      | Reached skill level 6 in Earth Magic
  1403 | D:3      | Found a radiant altar of Vehumet.
  1570 | D:3      | Reached XP level 5. HP: 23/28 MP: 6/8
  1656 | D:3      | Noticed Terence
  1677 | D:3      | Reached skill level 7 in Earth Magic
  1715 | D:3      | Became a worshipper of Vehumet
  1773 | D:3      | Engulfed by a cloud of flame

Vault maps used:
D:1:      minmay_arrival_split_and_join, lemuel_flame_loot_1
D:2:      gammafunk_temple_overflow_statue, uniq_iyjb
D:3:      fiery_altar_vehumet, okawaru_altar_gauntlet_db, uniq_terence
D:4:      zin_academy, gup_sewer_entry_bubbles

Action                   |  1- 3 |  4- 6 || total
-------------------------+-------+-------++-------
Melee: Unarmed           |     6 |       ||     6
       Short sword       |    55 |       ||    55
       Club              |       |    20 ||    20
Throw: Stone             |       |     1 ||     1
 Cast: Sandblast         |    29 |    30 ||    59
  Eat: Chunk             |     1 |     3 ||     4
